 Dungeon Crawl Stone Soup version 0.19-a0-459-gb8ed64d (webtiles) character file.

5453 Goblin1989 the Unseen (level 10, -13/46 HPs)
             Began as a Vine Stalker Assassin on June 2, 2016.
             Was a Follower of Uskayaw.
             Mangled by a hill giant
             ... wielding a +0 giant spiked club
              (38 damage)
             ... on level 10 of the Dungeon.
             The game lasted 00:28:05 (7550 turns).

Goblin1989 the Unseen (Vine Stalker Assassin)       Turns: 7550, Time: 00:28:05

Health: -13/46     AC:  9    Str: 14    XL:     10   Next: 68%
Magic:  0/11       EV: 10    Int: 11    God:    Uskayaw [*.....]
Gold:   402        SH:  9    Dex: 19    Spells: 1 memorised, 8 levels left

rFire  . . .     SeeInvis .     a - +2 dagger
rCold  . . .     Gourm    .     q - +0 troll leather armour {regen}
rNeg   . . .     Faith    .     B - +2 shield
rPois  .         Spirit   +     (no helmet)
rElec  .         Dismiss  .     d - +0 cloak
rCorr  .         Reflect  .     (no gloves)
SustAt .         Harm     .     E - +0 pair of boots
MR     +....                    i - amulet of regeneration {+regen, !d}
Stlth  ++++++....               P - +2 ring of evasion
                                u - +3 ring of protection

@: somewhat resistant to hostile enchantments, very stealthy
A: fangs 3, regeneration 2, magic shield, antimagic bite, no device heal 3, rot
immunity
a: Stomp, Renounce Religion


You were on level 10 of the Dungeon.
You worshipped Uskayaw.
Uskayaw was aware of your devotion.
You were hungry.

You visited 2 branches of the dungeon, and saw 11 of its levels.

You collected 598 gold pieces.
You spent 196 gold pieces at shops.

Inventory:

Hand Weapons
 a - a +2 dagger (weapon)
 b - a +0 blowgun
 o - a +1 dagger of draining
Missiles
 e - 12 poisoned needles
 v - 2 throwing nets {=f, !d}
Armour
 d - a +0 cloak (worn)
 q - a +0 troll leather armour (worn) {regen}
 B - a +2 shield (worn)
 E - a +0 pair of boots (worn)
Jewellery
 i - an amulet of regeneration (around neck) {+regen, !d}
 k - a +4 ring of evasion
 u - a +3 ring of protection (left hand)
 D - an uncursed ring of positive energy {rN+}
 G - a +2 amulet of reflection
 P - a +2 ring of evasion (right hand)
 R - an uncursed ring of see invisible {sInv, !d}
Wands
 j - a wand of disintegration (12/24)
 z - a wand of polymorph (17/24)
 C - a wand of paralysis (13/24)
 I - a wand of acid (9/15)
 K - a wand of random effects (13/48)
 Q - a wand of paralysis (14/24)
 W - a wand of flame (10/48)
Scrolls
 n - a scroll of fear
 r - 6 scrolls of teleportation
 s - a scroll of amnesia {unknown}
 w - a scroll of magic mapping {!r}
 x - a scroll of remove curse
 y - a scroll of recharging
 F - a scroll of blinking {!r}
 H - a scroll of silence
 X - a scroll of immolation {!r}
Potions
 c - a potion of agility
 l - 6 potions of curing
 p - 2 potions of haste
 t - 2 potions of resistance
 J - 2 potions of berserk rage {!q}
 L - 2 potions of lignification {!q}
 O - a potion of flight
 T - a potion of invisibility
Comestibles
 g - 8 bread rations
 h - 7 meat rations
 A - a royal jelly
 N - 3 fruits
 V - 2 beef jerkies


   Skills:
 - Level 1.7 Fighting
 * Level 9.4 Short Blades
 - Level 1.7 Throwing
 - Level 0.7 Dodging
 + Level 15.3 Stealth


You had 8 spell levels left.
You knew the following spells:

 Your Spells              Type           Power        Failure   Level  Hunger
a - Apportation           Tloc           #.........   100%        1    ##.....


Dungeon Overview and Level Annotations

Branches:
Dungeon (10/15)            Temple (1/1) D:7            Lair (0/8) D:9
    Orc: D:9-12

Altars:
Ashenzari
Cheibriados
Dithmenos
Elyvilon
Fedhas
Gozag
Hepliaklqana
Kikubaaqudgha
Nemelex Xobeh
Okawaru
Pakellas
Qazlal
Ru
Sif Muna
Trog
Uskayaw
Vehumet
Xom
Yredelemnul
Zin
The Shining One

Shops:
D:6 *   D:10 !

Annotations:
D:8 exclusion: 2 killer bees


Innate Abilities, Weirdness & Mutations

You have razor-sharp teeth.
You heal very quickly.
When hurt, damage is shared between your health and your magic reserves.
Your bite disrupts and absorbs the magic of your enemies.
Potions and wands cannot restore your health.
You are immune to rotting.


Message History

a - a +2 dagger (weapon)
You are feeling hungry.
You hit the hill giant. Your bite misses the hill giant.
The hill giant hits you with a giant spiked club!!
Ouch! That really hurt!
* * * LOW HITPOINT WARNING * * *
You take 23 damage, and have 10/46 hp.
MASSIVE DAMAGE!!
You now have 2/11 mp.
You regained 2 hp, and now have 13/46 hp.
You block the hill giant's attack. The hill giant barely misses you.
You regained 2 hp, and now have 17/46 hp.
You see here a poisoned needle.
You regained 2 hp, and now have 21/46 hp.
You can no longer pass through a line of other dancers.
You see here a poisoned needle.
You barely miss the hill giant. Your bite misses the hill giant.
You hit the hill giant.
The hill giant hits you with a giant spiked club!!!
Ouch! That really hurt!
You die...

#.# # #.# # #.# # #.# ##
######### #†# ##. #.......#
#.# ##.. #.......###
#†########.$#
#.........###.(......(...
#....(.C@...((###..(.....
#).......####..#.........
############.............
#########(.)†...........>..
#.........####....#........
####.#########
#....#........ #....#
#....#........ #.####
#..........[.. #.##
.......).


You could see a hill giant.

Vanquished Creatures
  Psyche (D:8)
  A gargoyle (D:10)
  A troll (D:9)
  A blink frog (D:9)
  Sigmund (D:2)
  9 yaks (D:10)
  A hungry ghost (D:8)
  A water moccasin (D:7)
  An ice beast (D:8)
  A sky beast (D:6)
  2 black bears
  2 phantoms
  4 centaurs
  2 ogres
  A big kobold (D:9)
  2 giant frogs
  A scorpion (D:9)
  A water moccasin skeleton (D:6)
  5 wights (D:9)
  An electric eel (D:6)
  A howler monkey (D:5)
  2 crimson imps (D:5)
  A giant frog zombie (D:10)
  A quasit (D:6)
  2 giant frog skeletons
  2 hounds
  A jelly (D:6)
  2 orc priests
  Terence (D:2)
  An iguana (D:8)
  8 orc wizards
  5 worker ants
  A hell rat (D:9)
  A howler monkey zombie (D:8)
  A worker ant zombie (D:9)
  7 gnolls (D:3)
  A river rat (D:9)
  10 adders
  2 shadow imps (D:5)
  An ooze (D:2)
  2 worms
  A dart slug (D:1)
  7 giant geckos
  25 orcs
  2 ball pythons
  7 giant cockroaches
  9 goblins
  11 hobgoblins
  9 jackals
  6 quokkas
  9 bats
  8 giant newts
  11 kobolds
  6 rats
203 creatures vanquished.

Notes
Turn   | Place    | Note
--------------------------------------------------------------
     0 | D:1      | Goblin1989 the Vine Stalker Assassin began the quest for the Orb.
     0 | D:1      | Reached XP level 1. HP: 11/11 MP: 2/2
    45 | D:1      | Reached skill level 5 in Stealth
    64 | D:1      | Reached XP level 2. HP: 10/15 MP: 0/3
   374 | D:1      | Reached XP level 3. HP: 12/18 MP: 1/4
   638 | D:2      | Found a bloodstained altar of Trog.
   658 | D:2      | Reached skill level 6 in Stealth
   892 | D:2      | Noticed Terence
   898 | D:2      | Killed Terence
   898 | D:2      | Reached XP level 4. HP: 23/23 MP: 5/5
  1128 | D:2      | Noticed Sigmund
  1135 | D:2      | Killed Sigmund
  1135 | D:2      | Reached skill level 8 in Stealth
  1135 | D:2      | Reached XP level 5. HP: 26/26 MP: 6/6
  1135 | D:2      | Gained mutation: You heal very quickly. [Vine Stalker growth]
  1135 | D:2      | Reached XP level 6. HP: 30/30 MP: 7/7
  1498 | D:3      | Learned a level 1 spell: Apportation
  2452 | D:4      | Found a shadowy altar of Dithmenos.
  2566 | D:4      | Reached skill level 9 in Stealth
  2566 | D:4      | Reached XP level 7. HP: 34/34 MP: 8/8
  2899 | D:5      | Entered Level 5 of the Dungeon
  3248 | D:5      | Found an opulent altar of Gozag.
  3252 | D:5      | Reached skill level 10 in Stealth
  3360 | D:5      | Gained mutation: You have razor-sharp teeth. [Vine Stalker growth]
  3360 | D:5      | Reached XP level 8. HP: 9/38 MP: 9/9
  3857 | D:6      | Reached skill level 11 in Stealth
  3869 | D:6      | Found Giqiekleaju's Assorted Antiques.
  3875 | D:6      | Bought 2 lumpy ruby potions for 41 gold pieces
  3875 | D:6      | Bought a short silver wand for 92 gold pieces
  3875 | D:6      | Bought a metallic ruby potion for 20 gold pieces
  3875 | D:6      | Bought a coppery potion for 20 gold pieces
  3875 | D:6      | Bought a scroll labeled JIRUJU SUHODGH for 23 gold pieces
  4155 | D:6      | Reached skill level 5 in Short Blades
  4486 | D:6      | Reached skill level 12 in Stealth
  4802 | D:7      | Found a radiant altar of Vehumet.
  4802 | D:7      | Found a shadowy altar of Dithmenos.
  4842 | D:7      | Reached XP level 9. HP: 42/42 MP: 10/10
  4974 | D:7      | Found a staircase to the Ecumenical Temple.
  4983 | Temple   | Entered the Ecumenical Temple
  5632 | D:8      | Found a basalt altar of Yredelemnul.
  5639 | D:8      | Found a glowing golden altar of the Shining One.
  5644 | D:8      | Found a sparkling altar of Nemelex Xobeh.
  5651 | D:8      | Found an oddly glowing altar of Pakellas.
  5656 | D:8      | Found a glowing silver altar of Zin.
  5663 | D:8      | Found a hide-covered altar of Uskayaw.
  5668 | D:8      | Became a worshipper of Uskayaw the Reveler
  5725 | D:8      | Reached * piety under Uskayaw
  5749 | D:8      | Noticed Psyche
  5757 | D:8      | Reached ** piety under Uskayaw
  5764 | D:8      | Killed Psyche
  5764 | D:8      | Reached skill level 13 in Stealth
  5978 | D:9      | Reached *** piety under Uskayaw
  5983 | D:9      | Reached **** piety under Uskayaw
  6020 | D:9      | Found a radiant altar of Vehumet.
  6160 | D:9      | Found a staircase to the Lair.
  6440 | D:9      | Reached skill level 14 in Stealth
  6596 | D:9      | Reached XP level 10. HP: 46/46 MP: 11/11
  7086 | D:10     | Entered Level 10 of the Dungeon
  7086 | D:10     | Found Kauffiug's Distillery.
  7246 | D:10     | Reached ***** piety under Uskayaw
  7383 | D:10     | Noticed a gargoyle
  7390 | D:10     | Killed a gargoyle
  7454 | D:10     | Reached skill level 15 in Stealth
  7513 | D:10     | Noticed a hill giant
  7550 | D:10     | Mangled by a hill giant

Vault maps used:
D:1:      scummos_arrival_simple_crosswalls
D:2:      first_bread, trog_butcher_becter, uniq_sigmund, uniq_terence
D:3:      minmay_misc_feat_roman
D:4:      st_stairs_11, minmay_misc_feat_hallway, grunt_dithmenos_smoke
D:5:      nicolae_gozag_cash_rules_everything_around_me, grunt_decor_resistance
D:6:      serial_shops, nicolae_shop_statue_plus, nicolae_water_bricks,
          kennysheep_cluttered_room, grunt_ministairs_1
D:7:      grunt_temple_overflow_open, minmay_temple_entry_junction2,
          grunt_ministairs_5, uniq_crazy_yiuf_cottage
D:8:      grunt_temple_overflow_octagram, grunt_pizzeria, uniq_psyche
D:9:      dpeg_lair_monsters, vehumet_altar_wand_db
D:10:     special_room, serial_shops, shop
Temple:   oiseaux_autumnal_temple_12

Skill      XL: |  1  2  3  4  5  6  7  8  9 10 |
---------------+-------------------------------+-----
Stealth        | 5 6 8 9 10 12 14 15 | 15.3
Short Blades   | 2 3 4 6 8 9 |  9.4
Fighting       | |  1.7
Throwing       | |  1.7
Dodging        | |  0.7

Action                   |  1- 3 |  4- 6 |  7- 9 | 10-12 || total
-------------------------+-------+-------+-------+-------++-------
Melee: Dagger            |    82 |    86 |   577 |   178 ||   923
       Bite              |    23 |    22 |   173 |    73 ||   291
 Fire: Blowgun           |       |    13 |     2 |    11 ||    26
Throw: Tomahawk          |       |     4 |     3 |       ||     7
Invok: Stomp             |       |       |     1 |       ||     1
  Use: Scroll            |       |       |    19 |     2 ||    21
 Stab: Sleeping          |    10 |    11 |    25 |     7 ||    53
       Distracted        |       |       |     4 |       ||     4
       Paralysed         |       |       |     3 |     4 ||     7
  Eat: Chunk             |       |     4 |    13 |     3 ||    20
       Pizza             |       |       |     1 |       ||     1
Armor: Robe              |    23 |     7 |       |       ||    30
       Ring mail         |       |    19 |   254 |    13 ||   286
       Troll leather arm |       |       |       |    16 ||    16
Dodge: Dodged            |    39 |    39 |   182 |    39 ||   299
Block: Shield            |       |       |   213 |    59 ||   272
